 Dungeon Crawl Stone Soup version 0.17-a0-1575-g9a29ec8 (webtiles) character file.

133 urechis the Cudgeler (level 5, -4/55 HPs)
             Began as an Ogre Gladiator on July 26, 2015.
             Killed from afar by a hobgoblin (8 damage)
             ... with a wand of magic darts
             ... on level 3 of the Dungeon.
             The game lasted 00:02:07 (1955 turns).

urechis the Cudgeler (Ogre Gladiator)               Turns: 1955, Time: 00:02:07

Health: -4/55      AC:  3    Str: 20    XL:     5   Next: 16%
Magic:  0/5        EV: 10    Int:  7    God:
Gold:   82         SH:  0    Dex: 11    Spells: 0 memorised, 4 levels left

rFire  . . .     SeeInvis +     l - +1 mace (drain)
rCold  . . .     Clarity  .     b - +0 robe
rNeg   . . .     SustAt   .     (no shield)
rPois  .         Gourm    .     c - +0 hat
rElec  .         Spirit   +     (no cloak)
rCorr  .         Warding  .     (gloves unavailable)
rMut   .         Stasis   .     (boots unavailable)
MR     .....                    a - amulet of guardian spirit
Stlth  +.........               (no ring)
                                k - ring of see invisible

@: not resistant to hostile enchantments, very unstealthy
A: unfitting armour, tough skin 1
a: no special abilities


You were on level 3 of the Dungeon.
You were not hungry.

You visited 1 branch of the dungeon, and saw 3 of its levels.

You collected 82 gold pieces.

Inventory:

Hand weapons
 l - a +1 mace of draining (weapon)
Missiles
 d - 3 throwing nets (quivered)
Armour
 b - a +0 robe (worn)
 c - a +0 hat (worn)
Jewellery
 a - an amulet of guardian spirit (around neck)
 k - a ring of see invisible (left hand)
Scrolls
 g - 3 scrolls of fog {unknown}
 i - 2 scrolls of identify {unknown}
 m - a scroll of enchant weapon {unknown}
Potions
 f - a potion of agility {unknown}
 h - a potion of lignification {unknown}
 j - a potion of curing {unknown}
Comestibles
 e - 2 bread rations
 n - a slice of pizza


   Skills:
 + Level 4.7 Fighting
 * Level 6.3 Maces & Flails
 - Level 2.1 Throwing
 - Level 2.6 Dodging


You had 4 spell levels left.
You didn't know any spells.

Dungeon Overview and Level Annotations

Branches:
Dungeon (3/15)

Altars:
Vehumet


Innate Abilities, Weirdness & Mutations

You are too large for most types of armour.
You have tough skin (AC +1).


Message History

The ogre is lightly wounded.
The ogre hits you with a giant club!
The hobgoblin zaps a wand.
The magic dart hits you!
You hit the ogre.
The ogre is lightly wounded.
The ogre misses you.
You hit the ogre but do no damage. You drain the ogre!
The ogre is moderately wounded.
The hobgoblin zaps a wand.
The magic dart hits you!
* * * LOW HITPOINT WARNING * * *
The ogre hits you with a giant club!
* * * LOW HITPOINT WARNING * * *
You are too injured to fight recklessly!
You are too injured to fight recklessly!
You are too injured to fight recklessly!
You are too injured to fight recklessly!
The hobgoblin zaps a wand.
The magic dart hits you!
* * * LOW HITPOINT WARNING * * *
The hobgoblin zaps a wand.
The magic dart hits you!
You die...

####### #.....######## #######
#............# #########.....#
##........>...#
##.........###.###.............#
...###########.##<........†....#
###########....................#
...............................#
#.######.....#..@O#...†........#
#...........<..##......#########
................##.g...#
........###....# ##....####
#...#..## #..### #.......#
#####..# ...# #.......# ## .
#....###...# ...#####..####...
.#####...g.......


You could see an ogre and a hobgoblin.

Vanquished Creatures
  A giant frog (D:3)
  3 adders (D:2)
  A worm (D:2)
  A giant gecko (D:2)
  A ball python (D:1)
  3 giant cockroaches
  4 goblins (D:2)
  3 hobgoblins
  4 jackals (D:1)
  6 kobolds
  4 bats
  4 giant newts (D:2)
  5 rats
40 creatures vanquished.

Notes
Turn   | Place    | Note
--------------------------------------------------------------
     0 | D:1      | urechis the Ogre Gladiator began the quest for the Orb.
     0 | D:1      | Reached XP level 1. HP: 22/22 MP: 1/1
    57 | D:1      | Reached XP level 2. HP: 9/31 MP: 2/2
   813 | D:2      | Reached XP level 3. HP: 17/39 MP: 3/3
  1202 | D:2      | Reached skill level 5 in Maces & Flails
  1462 | D:2      | Reached XP level 4. HP: 35/48 MP: 2/4
  1726 | D:3      | Noticed a giant frog
  1742 | D:3      | Killed a giant frog
  1742 | D:3      | Reached skill level 6 in Maces & Flails
  1742 | D:3      | Reached XP level 5. HP: 24/55 MP: 1/5
  1940 | D:3      | Found a radiant altar of Vehumet.
  1941 | D:3      | Noticed an ogre
  1946 | D:3      | HP: 2/55 [hobgoblin/wand of magic darts (5)]
  1955 | D:3      | Killed from afar by a hobgoblin

Vault maps used:
D:1:      dpeg_arrival_tiny_a, grunt_decor_one_mirror
D:3:      minmay_overflow_temple_star_hex, vehumet_altar_wand_db

Action                   |  1- 3 |  4- 6 || total
-------------------------+-------+-------++-------
Melee: Flail             |    71 |       ||    71
       Mace              |    20 |    38 ||    58
  Eat: Chunk             |     1 |     2 ||     3
